 Seeded DCSS version 0.31-a0-544-gceb718ecc6 (webtiles) character file.

Game seed: 3826825538972431165 (custom seed)

303 innerfire43 the Ruffian (level 6, 0/47 HPs)
             Began as a Gnoll Shapeshifter on Aug 15, 2023.
             Killed from afar by Sigmund (9 damage)
             ... with a puff of flame
             ... on level 5 of the Dungeon on Aug 16, 2023.
             The game lasted 00:03:21 (2267 turns).

innerfire43 the Ruffian (Gnoll Shapeshifter)        Turns: 2267, Time: 00:03:21

Health: 0/47       AC:  3    Str: 16    XL:     6   Next: 38%
Magic:  8/8        EV: 13    Int:  7    God:
Gold:   252        SH:  0    Dex: 13    Spells: 9/9 levels left

rFire   . .          .
                       - Unarmed
rCold   . . .        (shield currently unavailable)
rNeg    . . .        a - +0 animal skin
rPois   .            k - +0 helmet
rElec   .            (no cloak)
rCorr   .            (no gloves)
SInv    .            (no boots)
Will    .....        (no amulet)
Stlth   +            (no ring)
HPRegen 0.27/turn    (no ring)
MPRegen 0.11/turn

%: clarity
@: flux-form, glowing, studying Unarmed Combat
A: glow, contaminating, fangs 1, strong nose, distributed training, clarity, low
MP 1
a: Begin Untransformation


You were on level 5 of the Dungeon.
You were something dangerously unstable.
You visited 1 branch of the dungeon, and saw 4 of its levels.

You collected 252 gold pieces.

Inventory:

Hand Weapons
 t - the +5 spear of Immorality {flame, *Noise rF++ Int+4}
   (You found it on level 5 of the Dungeon)

   Int+4:     It affects your intelligence (+4).
   rF++:      It greatly protects you from fire.
   *Noise:    It may make a loud noise when swung.
Armour
 a - a +0 animal skin (worn)
 k - a +0 helmet (worn)
Jewellery
 p - a ring of protection from cold
Talismans
 c - a beast talisman
 d - a flux talisman (active)
Scrolls
 e - a scroll of amnesia {unknown}
 f - 2 scrolls of vulnerability {unknown}
 g - a scroll of brand weapon {unknown}
 i - 2 scrolls of identify {unknown}
 j - 3 scrolls of noise {unknown}
 n - a scroll of torment {unknown}
 q - a scroll of enchant armour {unknown}
 s - a scroll of immolation {unknown}
Potions
 b - a potion of lignification
 h - a potion of invisibility {unknown}
 l - 2 potions of curing {unknown}
 m - 2 potions of cancellation {unknown}
 o - a potion of brilliance {unknown}
 r - 2 potions of attraction {unknown}


   Skills:
 + Level 3.2 Fighting
 + Level 2.0 Short Blades
 + Level 2.0 Long Blades
 + Level 2.0 Axes
 + Level 2.0 Maces & Flails
 + Level 2.0 Polearms
 + Level 2.0 Staves
 + Level 2.0 Ranged Weapons
 + Level 2.0 Throwing
 + Level 2.0 Armour
 + Level 5.0 Dodging
 + Level 2.0 Stealth
 + Level 2.0 Shields
 + Level 7.2 Unarmed Combat
 + Level 2.0 Spellcasting
 + Level 1.5 Conjurations
 + Level 1.5 Hexes
 + Level 1.5 Summonings
 + Level 1.5 Necromancy
 + Level 1.5 Translocations
 + Level 1.5 Transmutations
 + Level 1.5 Fire Magic
 + Level 1.5 Ice Magic
 + Level 1.5 Air Magic
 + Level 1.5 Earth Magic
 + Level 1.5 Poison Magic
 + Level 2.2 Invocations
 + Level 2.0 Evocations
 + Level 6.7 Shapeshifting


You had 9 spell levels left.
You didn't know any spells.
Your spell library was empty.

Dungeon Overview and Level Annotations

Branches:
Dungeon (5/15)
 Temple: D:4-7

Altars:

Annotations:
D:5 Sigmund


Innate Abilities, Weirdness & Mutations

You are something dangerously unstable.
You glow with magical radiation, making you easy to see and hit.
Foes you strike become dangerously contaminated with magical radiation.
You are incapable of wielding weapons or throwing items.
You have very sharp teeth.
Your uncanny sense of smell can sniff out nearby items.
Your experience applies equally to all skills.
You possess an exceptional clarity of mind.
Your magical capacity is low. (-10% MP)


Message History

The phantom hits you.
* * * LOW HITPOINT WARNING * * *
The phantom blinks!
You blink.
You hit the phantom.
The phantom glows dangerously bright.
The phantom is severely damaged.
The phantom completely misses you. Something completely misses you.
Unknown command.
You hit the phantom.
The phantom shudders as magic cascades through it!!
You destroy the phantom!
Your Short Blades skill increases to level 2!
Your Long Blades skill increases to level 2!
Your Axes skill increases to level 2!
Your Maces & Flails skill increases to level 2!
Your Polearms skill increases to level 2!
Your Staves skill increases to level 2!
Your Ranged Weapons skill increases to level 2!
Your Throwing skill increases to level 2!
Your Armour skill increases to level 2!
Your Dodging skill increases to level 5!
Your Stealth skill increases to level 2!
Your Shields skill increases to level 2!
Your Spellcasting skill increases to level 2!
Your Evocations skill increases to level 2!
Something hits you.
* * * LOW HITPOINT WARNING * * *
Something barely misses you.
You hear some strange, mumbled words.
You feel momentarily confused. Something hits you but does no damage.
Something hits you.
* * * LOW HITPOINT WARNING * * *
You are too injured to fight recklessly!
You hear some strange, mumbled words.
You feel momentarily confused.
You hit something.
Sigmund begins to glow.
You bite Sigmund, but do no damage.
Sigmund is lightly wounded.
Sigmund casts a spell at you. The puff of flame hits you!
You die...

......##.........######
..# ..............####
..# .####.......###
.........####
...........### ....
....######...### .....
....# ###...### .....
....# ###...### #.....
....# ###B@.###......
....# ###...#.......
....# ###.........
...## #........=.. ...#
#........... ...#
#........... ...#
#........... ...#
#........... ...#
#...........


You could see Sigmund (invisible, contam).

Vanquished Creatures
  A phantom (D:5)
  A hound (D:5)
  Jessica (D:2)
  An iguana (D:5)
  Robin (D:2)
  4 adders
  4 gnolls (D:5)
  A dart slug (D:1)
  4 bats
  6 endoplasms
  3 giant cockroaches (D:1)
  11 goblins
  5 hobgoblins
  2 jackals (D:2)
  3 kobolds
  A quokka (D:2)
  2 ball pythons (D:1)
  A frilled lizard (D:1)
  4 rats (D:1)
56 creatures vanquished.

Notes
Turn   | Place    | Note
-------+----------+-------------------------------------------
     0 | D:1      | innerfire43 the Gnoll Shapeshifter began the quest for the
                  | Orb.
     0 | D:1      | Reached XP level 1. HP: 17/17 MP: 1/1
    48 | D:1      | Identified a scroll of acquirement
    48 | D:1      | Acquired a manual of Unarmed Combat
   272 | D:1      | Reached XP level 2. HP: 23/23 MP: 2/2
   507 | D:1      | Reached XP level 3. HP: 28/28 MP: 3/3
   817 | D:2      | Noticed Jessica
   821 | D:2      | Killed Jessica
   822 | D:2      | Reached skill level 1 in Short Blades
   822 | D:2      | Reached skill level 1 in Long Blades
   822 | D:2      | Reached skill level 1 in Axes
   822 | D:2      | Reached skill level 1 in Maces & Flails
   822 | D:2      | Reached skill level 1 in Polearms
   822 | D:2      | Reached skill level 1 in Staves
   822 | D:2      | Reached skill level 1 in Ranged Weapons
   822 | D:2      | Reached skill level 1 in Throwing
   822 | D:2      | Reached skill level 1 in Armour
   822 | D:2      | Reached skill level 1 in Stealth
   822 | D:2      | Reached skill level 1 in Shields
   822 | D:2      | Reached skill level 1 in Spellcasting
   822 | D:2      | Reached skill level 1 in Invocations
   822 | D:2      | Reached skill level 1 in Evocations
  1000 | D:2      | Reached XP level 4. HP: 34/34 MP: 5/5
  1290 | D:2      | Reached skill level 1 in Conjurations
  1290 | D:2      | Reached skill level 1 in Hexes
  1290 | D:2      | Reached skill level 1 in Summonings
  1290 | D:2      | Reached skill level 1 in Necromancy
  1290 | D:2      | Reached skill level 1 in Translocations
  1290 | D:2      | Reached skill level 1 in Transmutations
  1290 | D:2      | Reached skill level 1 in Fire Magic
  1290 | D:2      | Reached skill level 1 in Ice Magic
  1290 | D:2      | Reached skill level 1 in Air Magic
  1290 | D:2      | Reached skill level 1 in Earth Magic
  1290 | D:2      | Reached skill level 1 in Poison Magic
  1360 | D:2      | Noticed Robin
  1392 | D:2      | Gained mutation: You occasionally lose the ability to drink
                  | potions when taking damage. [potion of mutation]
  1392 | D:2      | Gained mutation: You have a somewhat thin skeletal
                  | structure. (Dex +2, Stealth+) [potion of mutation]
  1392 | D:2      | Gained mutation: Your muscles are strong. (Str +4, Int/Dex
                  | -1) [potion of mutation]
  1397 | D:2      | Killed Robin
  1558 | D:2      | Lost mutation: You have a somewhat thin skeletal structure.
                  | (Dex +2, Stealth+) [potion of mutation]
  1558 | D:2      | Lost mutation: Your muscles are strong. (Str +4, Int/Dex
                  | -1) [potion of mutation]
  1558 | D:2      | Lost mutation: You occasionally lose the ability to drink
                  | potions when taking damage. [potion of mutation]
  1558 | D:2      | Gained mutation: Your magical capacity is low. (-10% MP)
                  | [potion of mutation]
  1558 | D:2      | Gained mutation: You possess an exceptional clarity of
                  | mind. [potion of mutation]
  1638 | D:3      | Reached XP level 5. HP: 35/40 MP: 6/6
  1695 | D:3      | You fall into a shaft and drop 2 floors!
  1695 | D:5      | Entered Level 5 of the Dungeon
  1699 | D:5      | Identified the +5 spear of Immorality {flame, *Noise rF++
                  | Int+4}
  1888 | D:5      | Reached skill level 7 in Unarmed Combat
  2080 | D:5      | Reached XP level 6. HP: 23/47 MP: 7/7
  2240 | D:5      | Noticed Sigmund
  2252 | D:5      | Reached skill level 5 in Dodging
  2267 | D:5      | Killed from afar by Sigmund

Illustrated notes

Levels and vault maps discovered:
D:1:      roderic_crop_circles_arrival_large, layout_basic
D:2:      layout_basic, minmay_distorted, uniq_robin, uniq_jessica
D:3:      layout_basic, minivault_24, minmay_box_of_dots
D:5:      layout_cave_pods, uniq_blork_the_orc, uniq_sigmund

Skill      XL: |  1  2  3  4  5  6 |
---------------+-------------------+-----
Short Blades   | 1 2 |  2.0
Long Blades    | 1 2 |  2.0
Axes           | 1 2 |  2.0
Maces & Flails | 1 2 |  2.0
Polearms       | 1 2 |  2.0
Staves         | 1 2 |  2.0
Ranged Weapons | 1 2 |  2.0
Throwing       | 1 2 |  2.0
Armour         | 1 2 |  2.0
Stealth        | 1 2 |  2.0
Shields        | 1 2 |  2.0
Spellcasting   | 1 2 |  2.0
Invocations    | 1 2 |  2.2
Evocations     | 1 2 |  2.0
Conjurations   | 1 |  1.5
Hexes          | 1 |  1.5
Summonings     | 1 |  1.5
Necromancy     | 1 |  1.5
Translocations | 1 |  1.5
Transmutations | 1 |  1.5
Fire Magic     | 1 |  1.5
Ice Magic      | 1 |  1.5
Air Magic      | 1 |  1.5
Earth Magic    | 1 |  1.5
Poison Magic   | 1 |  1.5
Fighting       | 3 |  3.2
Unarmed Combat | 7 |  7.2
Dodging        | 5 |  5.0
Shapeshifting  | |  6.7

Action                     |  1- 3 |  4- 6 || total
---------------------------+-------+-------++-------
  Melee: Unarmed           |    77 |   105 ||   182
         Bite              |     8 |    19 ||    27
    Use: Scroll            |     1 |       ||     1
         Potion            |       |     3 ||     3
 Armour: Animal skin       |    15 |    20 ||    35
  Dodge: Dodged            |    36 |    92 ||   128
   Form: Flux              |     1 |       ||     1

Table legend: (Time is in decaauts)
 A = Elapsed time spent in this place.
 B = Non-inter-level travel time spent in this place.
 C = Inter-level travel time spent in this place.
 D = Time resting spent in this place.
 E = Time spent auto-exploring this place.
 F = Levels seen in this place.
 G = Mean time per level.
                   A        B        C        D        E       F      G
               +--------+--------+--------+--------+--------+-----+--------+
         Total |   2245 |   2173 |     72 |      0 |   1744 |   4 |  561.2 |
       Dungeon |   2245 |   2173 |     72 |      0 |   1744 |   4 |  561.2 |
               +--------+--------+--------+--------+--------+-----+--------+

Top non-repeatable levels by time:
     D:1: 809 daAuts
     D:2: 764 daAuts
     D:5: 567 daAuts
     D:3: 103 daAuts
